 Dungeon Crawl Stone Soup version 0.27-a0-1071-ga85bd9520d (console) character file.

Game seed: 5950352680273180893

3 nht the Digger (level 1, -2/13 HPs)
             Began as a Demonspawn Earth Elementalist on Apr 24, 2021.
             Hit by a stone thrown by a hobgoblin (3 damage)
             ... on level 1 of the Dungeon.
             The game lasted 00:00:22 (87 turns).

nht the Digger (Demonspawn Earth Elementalist)        Turns: 87, Time: 00:00:22

Health: -2/13      AC:  2    Str:  8    XL:     1   Next: 41%
Magic:  0/3        EV: 12    Int: 16    God:
Gold:   20         SH:  0    Dex: 13    Spells: 3/4 levels left

rFire    . . .     SeeInvis .   (no weapon)
rCold    . . .     Faith    .   (no shield)
rNeg     . . .     Spirit   .   c - +0 robe
rPois    .         Reflect  .   (no helmet)
rElec    .         Harm     .   (no cloak)
rCorr    .         Rampage  .   (no gloves)
Will     .....                  (no boots)
Stlth    ++........             (no amulet)
HPRegen  0.04/turn              (no ring)
MPRegen  0.08/turn              (no ring)

@: attractive
A: no striking features
a: no special abilities


You were on level 1 of the Dungeon.
You visited 1 branch of the dungeon, and saw 1 of its levels.

You collected 20 gold pieces.

Inventory:

Missiles
 b - 55 stones
Armour
 c - a +0 robe (worn)


   Skills:
 - Level 1.7 Dodging
 - Level 1.7 Stealth
 - Level 2.0 Spellcasting
 - Level 0.8 Transmutations
 + Level 2.9 Earth Magic


You had 3 spell levels left.
You knew the following spells:

 Your Spells              Type           Power      Damage    Failure   Level
a - Sandblast             Erth           22%        2d7       6%          1

Your spell library contained the following spells:

 Spells                   Type           Power      Damage    Failure   Level
 Passwall                 Tmut/Erth      5%         N/A       14%         2
 Stone Arrow              Conj/Erth      12%        3d7       34%         3
 Petrify                  Tmut/Erth      7%         N/A       67%         4
 Lee's Rapid Deconstruct  Erth           5%         3d7*      86%         5


Dungeon Overview and Level Annotations

Branches:
Dungeon (1/15)

Altars:


Message History

The blast of sand hits the goblin.
You kill the goblin!
Magic restored.
b - 37 stones (gained 10)
You see here a goblin corpse.
b - 59 stones (gained 22)
You see here a goblin corpse.
There is an open door here.
There is an open door here.
You open the large door.
A hobgoblin comes into view.
A hobgoblin is nearby!
A hobgoblin comes into view.
There is a large open door here.
The blast of sand hits the hobgoblin.
The hobgoblin is lightly wounded.
The blast of sand hits the hobgoblin.
The hobgoblin is moderately wounded.
The hobgoblin shouts!
The blast of sand misses the hobgoblin.
The hobgoblin throws a stone.
The stone hits you.
Found a fuming amethyst potion.
The hobgoblin throws a stone.
The stone hits you.
You see here a fuming amethyst potion.
The blast of sand hits the hobgoblin.
You kill the hobgoblin!
a - a fuming amethyst potion The hobgoblin throws a stone.
The stone hits you.
You aren't carrying any scrolls.
It was a potion of attraction.
You feel attractive to monsters.
The hobgoblin throws a stone.
The stone hits you but does no damage. The hobgoblin is pulled toward you!
You open the door. The hobgoblin hits you.
* * * LOW HITPOINT WARNING * * *
There is an open door here.
The hobgoblin throws a stone.
The stone hits you but does no damage. The hobgoblin is pulled toward you!
The hobgoblin throws a stone.
The stone hits you.
You die... . ███+███ . █8█8+8███

█████.██
........███...██.█
.........██....█.█
..........█....█.█
...<.....(.....g.█
..........█....█.█
.......g.██....█@█
........███...██.█


██8'8████ █████.██ ██'██ █. ... █. §§§.. .█ §§§≈≈≈≈ █ ███+████ You could see a
hobgoblin.

Vanquished Creatures
  2 goblins (D:1)
  A hobgoblin (D:1)
3 creatures vanquished.

Notes
Turn   | Place    | Note
-------+----------+-------------------------------------------
     0 | D:1      | nht the Demonspawn Earth Elementalist began the quest for
                  | the Orb.
     0 | D:1      | Reached XP level 1. HP: 13/13 MP: 3/3
    87 | D:1      | Hit by a stone thrown by a hobgoblin

Illustrated notes

Levels and vault maps discovered:
D:1:      dpeg_arrival_morbid_curiosity, layout_loops_corners,
          corexii_item_surrounded_by_moat

Action                   || total
-------------------------++-------
 Cast: Sandblast         ||     7
  Use: Potion            ||     1
Armor: Robe              ||     3
Dodge: Dodged            ||     1

Table legend: (Time is in decaauts)
 A = Elapsed time spent in this place.
 B = Non-inter-level travel time spent in this place.
 C = Inter-level travel time spent in this place.
 D = Time resting spent in this place.
 E = Time spent auto-exploring this place.
 F = Levels seen in this place.
 G = Mean time per level.
                   A        B        C        D        E       F      G
               +--------+--------+--------+--------+--------+-----+--------+
         Total |     87 |     87 |      0 |      0 |     58 |   1 |   87.0 |
       Dungeon |     87 |     87 |      0 |      0 |     58 |   1 |   87.0 |
               +--------+--------+--------+--------+--------+-----+--------+

Top non-repeatable levels by time:
     D:1: 87 daAuts
